 Dungeon Crawl Stone Soup version 0.22-a0-183-g9e71ff9 (webtiles) character file.

21220 wolfsongas the Cleaver (level 12, -4/115 HPs)
             Began as a Deep Dwarf Fighter on Feb 14, 2018.
             Was an Elder of Makhleb.
             Killed from afar by a frost giant (38 damage)
             ... with a bolt of cold
             ... in an ice cave.
             The game lasted 00:35:28 (9508 turns).

wolfsongas the Cleaver (Deep Dwarf Fighter)         Turns: 9508, Time: 00:35:29

Health: -4/115     AC: 24    Str: 27    XL:     12   Next: 52%
Magic:  13/13      EV:  6    Int:  9    God:    Makhleb [****..]
Gold:   571        SH: 19    Dex: 12    Spells: 11/11 levels left

rFire    + . .     SeeInvis .   a - +2 war axe
rCold    . . .     Gourm    .   t - +2 shield {rF+}
rNeg     . . .     Faith    .   y - +1 plate armour {rPois}
rPois    +         Spirit   .   k - +0 helmet
rElec    .         Reflect  .   s - +1 cloak {MR+}
rCorr    .         Harm     .   (no gloves)
MR       ++...                  (no boots)
Stlth    ..........             (no amulet)
HPRegen  0.00/turn              h - +4 ring of protection
MPRegen  0.13/turn              c - +3 ring of protection

@: non-regenerating
A: damage resistance, heal wounds, large bone plates 1, sense surroundings 2,
strong 1, no regeneration
a: Heal Wounds, Minor Destruction, Lesser Servant of Makhleb, Major Destruction,
Renounce Religion


You were in an ice cave.
You worshipped Makhleb.
Makhleb was greatly pleased with you.
You were not hungry.

You visited 2 branches of the dungeon, and saw 13 of its levels.
You also visited: Labyrinth and Ice Cave.

You collected 713 gold pieces.
You spent 142 gold pieces at shops.

Inventory:

Hand Weapons
 a - a +2 war axe (weapon)
Armour
 k - a +0 helmet (worn)
 s - a +1 cloak of magic resistance (worn)
 t - a +2 shield of fire resistance (worn)
 y - a +1 plate armour of poison resistance (worn)
Magical Staves
 p - an uncursed staff of power
Jewellery
 c - a +3 ring of protection (right hand)
 h - a +4 ring of protection (left hand)
 n - an uncursed ring of protection from fire
 A - a +4 ring of strength
Wands
 j - a wand of flame (95)
 l - a wand of clouds (4)
 w - a wand of acid (8)
 z - a wand of disintegration (14)
Scrolls
 d - a scroll of fog
 e - 3 scrolls of remove curse
 m - a scroll of magic mapping
 r - 3 scrolls of teleportation
 v - a scroll of blinking
Potions
 b - 2 potions of magic
 g - a potion of cancellation
 o - 3 potions of curing
 u - a potion of flight
Miscellaneous
 x - a lightning rod (4/4)
Comestibles
 f - 15 rations
 q - 19 chunks of flesh


   Skills:
 + Level 9.6 Fighting
 + Level 14.0 Axes
 + Level 6.3 Armour
 + Level 11.3 Shields
 + Level 9.4 Evocations


You had 11 spell levels left.
You didn't know any spells.

Dungeon Overview and Level Annotations

Branches:
Dungeon (12/15)            Temple (1/1) D:6            Lair (0/6) D:11
    Orc (0/2) D:12

Altars:
Cheibriados
Fedhas
Gozag
Hepliaklqana
Kikubaaqudgha
Makhleb
Okawaru
Sif Muna
Trog
Uskayaw
Vehumet
Wu Jian
Xom
Yredelemnul
Zin

Shops:
D:5 [   D:6 ?

Annotations:
D:10 Shyshaeia's ghost, journeyman GnMo


Innate Abilities, Weirdness & Mutations

You are resistant to damage.
You can heal yourself by infusing magical energy.
You passively map the area around you.
You do not regenerate.
You are partially covered in large bone plates. (SH +4)
Your muscles are strong. (Str +2)


Message History

The frost giant is engulfed in blazing flames.
You slash the polar bear!
You kill the polar bear!
Makhleb accepts your kill.
You feel better.
Your Axes skill increases to level 14!
The frost giant is engulfed in blazing flames.
The frost giant gestures at you while chanting.
The bolt of cold hits you!
The frost giant is engulfed in blazing flames.
You hit the frost giant.
The frost giant is almost dead.
The frost giant gestures at you while chanting.
The bolt of cold hits you!
* * * LOW HITPOINT WARNING * * *
Your magical essence is drained by the effort!
You feel much better.
The frost giant gestures at you while chanting.
The bolt of cold hits you!
You die...

≈###.# * ≈≈ *
###....#...##* Yh
###..#
##.....####Y.###C.
##..## ≈
###..†..#####..##.hY
..### * ≈*
##....#####.#.###..##
#..# * ##.Ch.##
#.⌠..C###C. ..##*
##..Y###≈≈≈
##...#Y#.## ###* ≈
#§§#########≈######.##
.# ≈**##§§§##....### ≈
### ## ####C@..#...###
* ## #######....### *
.###* #### * ####...##
#..######..### *
##...####*
##....#...#..### ≈
##.....#*
####...#####..#**
##.....#.# ##[#.####
#..##########....### ,
#.#.##
*#.#...##...##...###
##.## ,
######...##...### **,


You could see a frost giant.

Vanquished Creatures
  A minotaur (Lab)
  3 two-headed ogres
  2 death yaks (IceCv)
  The ghost of Bugaboo the Carver, a novice MiFi of Okawaru (D:9)
  An ugly thing (D:11)
  A cyclops (D:11)
  A centaur skeleton (D:11)
  A troll (D:11)
  16 polar bears (IceCv)
  Prince Ribbit (D:5)
  3 hippogriffs
  A water elemental (D:11)
  2 redbacks (Lab)
  A spriggan (D:8)
  A wraith (D:11)
  13 yaks
  A hungry ghost (D:11)
  A water moccasin (D:10)
  2 phantoms
  4 orc warriors
  4 sky beasts
  6 ice beasts
  A hornet zombie (D:10)
  A black bear (D:6)
  An eye of draining (D:10)
  A necrophage (D:9)
  4 ogres
  5 centaurs
  19 wolves
  2 crocodiles (D:11)
  4 big kobolds
  9 bullfrogs
  A gnoll sergeant (D:11)
  3 scorpions
  10 killer bees
  12 wights
  3 electric eels (D:11)
  A howler monkey (D:10)
  2 crimson imps
  A bullfrog zombie (D:11)
  A quasit (D:11)
  6 hounds
  4 jellies
  5 orc priests
  Crazy Yiuf (D:5)
  8 orc wizards
  A bullfrog skeleton (D:8)
  2 iguanas
  Ijyb (D:5)
  9 worker ants
  Natasha (D:3)
  A hound zombie (D:10)
  2 hound skeletons
  Robin (D:2)
  A howler monkey skeleton (D:7)
  6 gnolls
  10 adders
  A shadow imp (D:6)
  An ooze (D:1)
  An adder skeleton (D:9)
  An adder zombie (D:8)
  A worm (D:3)
  4 dart slugs
  3 leopard geckos
  43 orcs
  6 bats
  4 giant cockroaches
  13 goblins
  8 hobgoblins
  12 jackals
  A quokka (D:2)
  A ball python (D:3)
  11 frilled lizards
  40 kobolds
  2 quokka skeletons
  7 rats
  A spectral orc (D:3)
  A plant (D:4)
369 creatures vanquished.

Vanquished Creatures (collateral kills)
  An ice statue (IceCv)
  A gargoyle (D:10)
  4 killer bees (D:10)
6 creatures vanquished.

Grand Total: 375 creatures vanquished

Notes
Turn   | Place    | Note
-------+----------+-------------------------------------------
     0 | D:1      | wolfsongas the Deep Dwarf Fighter began the quest for the Orb.
     0 | D:1      | Reached XP level 1. HP: 20/20 MP: 1/1
    58 | D:1      | Found a shimmering altar of Xom.
   115 | D:1      | Reached XP level 2. HP: 27/27 MP: 2/2
   190 | D:1      | Reached skill level 3 in Axes
   383 | D:2      | Reached XP level 3. HP: 25/34 MP: 3/3
   664 | D:2      | Noticed Robin
   670 | D:2      | Reached XP level 4. HP: 39/42 MP: 4/4
   676 | D:2      | Killed Robin
   683 | D:2      | Reached skill level 4 in Axes
   924 | D:2      | Found a deep blue altar of Sif Muna.
   966 | D:2      | You fall through a shaft for 2 floors!
  1024 | D:4      | Noticed an ogre
  1034 | D:4      | Killed an ogre
  1034 | D:4      | Reached XP level 5. HP: 41/49 MP: 5/5
  1035 | D:4      | Reached skill level 5 in Axes
  1041 | D:4      | Reached XP level 6. HP: 45/57 MP: 6/6
  1143 | D:3      | Reached skill level 5 in Shields
  1174 | D:3      | Reached skill level 6 in Axes
  1345 | D:3      | Reached XP level 7. HP: 39/64 MP: 7/7
  1364 | D:3      | Found a basalt altar of Yredelemnul.
  1399 | D:3      | Found an ornate altar of the Wu Jian Council.
  1447 | D:3      | Noticed Natasha
  1452 | D:3      | Killed Natasha
  2041 | D:4      | Got a translucent ring mail
  2052 | D:4      | Identified the +3 ring mail of Claustrophobia {rC+} (You found it on level 4 of the Dungeon)
  2182 | D:4      | Reached skill level 7 in Axes
  2557 | D:5      | Entered Level 5 of the Dungeon
  2638 | D:5      | Reached XP level 8. HP: 35/73 MP: 8/8
  2710 | D:5      | Reached skill level 5 in Fighting
  2790 | D:5      | Noticed Ijyb
  2813 | D:5      | Killed Ijyb
  2999 | D:5      | Found Wuttodar's Antique Armour Shop.
  3007 | D:5      | Bought a runed cloak for 142 gold pieces
  3159 | D:5      | Noticed Prince Ribbit
  3198 | D:5      | Killed Prince Ribbit
  3198 | D:5      | Reached skill level 8 in Axes
  3326 | D:5      | Found a runed door.
  3330 | D:5      | Noticed Crazy Yiuf
  3336 | D:5      | Killed Crazy Yiuf
  3409 | D:6      | Found Leatuur's Magic Scroll Shop.
  3562 | D:6      | Found a blossoming altar of Fedhas.
  3727 | D:6      | Found a staircase to the Ecumenical Temple.
  3740 | Temple   | Entered the Ecumenical Temple
  3784 | Temple   | Became a worshipper of Makhleb the Destroyer
  3937 | D:6      | Reached skill level 1 in Evocations
  4239 | D:7      | Reached skill level 9 in Axes
  4438 | D:7      | Gained mutation: You passively map the area around you. [Deep Dwarf growth]
  4438 | D:7      | Reached XP level 9. HP: 57/82 MP: 9/9
  4999 | D:8      | Gained mutation: Your muscles are strong. (Str +2) [potion of mutation]
  4999 | D:8      | Gained mutation: You are partially covered in large bone plates. (SH +4) [potion of mutation]
  5118 | D:8      | Noticed a two-headed ogre
  5126 | D:8      | Killed a two-headed ogre
  5126 | D:8      | Reached skill level 10 in Axes
  5128 | D:8      | Reached * piety under Makhleb
  5128 | D:8      | Reached skill level 5 in Evocations
  5262 | D:8      | Reached XP level 10. HP: 41/92 MP: 13/13
  5452 | D:8      | Found a snail-covered altar of Cheibriados.
  5500 | D:8      | Reached skill level 11 in Axes
  5679 | D:9      | Noticed a two-headed ogre
  5688 | D:9      | Killed a two-headed ogre
  5762 | D:9      | Reached ** piety under Makhleb
  5838 | D:9      | Noticed Bugaboo's ghost (novice MiFi)
  5872 | D:9      | Killed Bugaboo's ghost
  6348 | D:10     | Entered Level 10 of the Dungeon
  6382 | D:10     | Noticed Shyshaeia's ghost (journeyman GnMo)
  6416 | D:10     | Reached skill level 12 in Axes
  6478 | D:10     | HP: 2/96 [Shyshaeia's ghost/vampiric draining (25)]
  6679 | D:10     | Noticed a gargoyle
  6797 | D:10     | Reached *** piety under Makhleb
  6802 | D:10     | Reached XP level 11. HP: 50/103 MP: 14/14
  6870 | D:10     | HP: 5/103 [orc priest/divine providence (11)]
  6901 | D:10     | Noticed a two-headed ogre
  6904 | D:10     | HP: 5/103 [two-headed ogre/giant spiked club (15)]
  6914 | D:10     | Killed a two-headed ogre
  7065 | D:11     | HP: 3/103 [orc warrior/glaive of protection (6)]
  7074 | D:11     | HP: 2/103 [centaur warrior skeleton (1)]
  7151 | D:11     | Reached skill level 13 in Axes
  7151 | D:11     | Reached skill level 10 in Shields
  7308 | D:11     | HP: 4/104 [acid (4)]
  7310 | D:11     | HP: 1/104 [acid (3)]
  7402 | D:11     | Found a labyrinth entrance.
  7415 | Lab      | Entered a labyrinth
  7475 | Lab      | Reached **** piety under Makhleb
  8148 | Lab      | Noticed a minotaur
  8162 | Lab      | Killed a minotaur
  8339 | D:11     | Noticed a cyan ugly thing
  8349 | D:11     | Killed a cyan ugly thing
  8426 | D:11     | Found a staircase to the Lair.
  8806 | D:12     | Found a frozen archway.
  8812 | IceCv    | Entered an ice cave
  8987 | IceCv    | Reached skill level 5 in Armour
  9006 | IceCv    | Reached XP level 12. HP: 77/114 MP: 13/13
  9304 | IceCv    | Noticed a death yak
  9326 | IceCv    | Killed a death yak
  9461 | IceCv    | Noticed a frost giant
  9461 | IceCv    | Noticed a death yak
  9504 | IceCv    | Killed a death yak
  9505 | IceCv    | Reached skill level 14 in Axes
  9508 | IceCv    | Killed from afar by a frost giant

Vault maps used:
D:1:      saegor_arrival_miasma, xom_teletrap_fun
D:2:      lemuel_blue_sif_altar, uniq_robin
D:3:      cheibrodos_thug_alley, yredelemnul_forgotten_temple_becter,
          nicolae_overflow_crystal_walls, first_ration, uniq_natasha
D:4:      kennysheep_kobold_camp
D:5:      serial_shops, shop, roderic_filled_cross, uniq_ijyb,
          uniq_crazy_yiuf_cottage, uniq_prince_ribbit1
D:6:      kennysheep_mini, minmay_temple_entry_nine_rooms, serial_shops, shop
D:8:      kennysheep_mini_moat, grunt_pizzeria
D:10:     hangedman_cross_stitches
D:11:     erik_lair_island, lab_entry_generic, patterned_corridor
D:12:     erik_orc_3, portal_ice_cave_entry_pillars_1
Temple:   minmay_crystal_spiral_temple
Lab:      nicolae_lab_grate_2
IceCv:    ice_cave_caverns_01

Skill      XL: |  1  2  3  4  5  6  7  8  9 10 11 12 |
---------------+-------------------------------------+-----
Axes           | 3 4 5 6 7 9 10 12 13 14 | 14.0
Fighting       | 3 4 5 6 7 9 |  9.6
Shields        | 4 5 6 7 8 9 10 11 | 11.3
Evocations     | 2 5 7 8 9 |  9.4
Armour         | 5 6 |  6.3

Action                   |  1- 3 |  4- 6 |  7- 9 | 10-12 || total
-------------------------+-------+-------+-------+-------++-------
Melee: War axe           |   114 |    85 |   405 |   914 ||  1518
Invok: Lesser Servant of |       |       |       |     4 ||     4
 Abil: Heal Wounds       |     1 |     2 |     3 |    22 ||    28
Evoke: Wand              |       |       |       |    19 ||    19
  Use: Scroll            |     2 |     7 |     8 |    14 ||    31
       Potion            |       |       |     9 |     4 ||    13
  Eat: Chunk             |       |     1 |     9 |       ||    10
       Ration            |       |     1 |     2 |     4 ||     7
Armor: Scale mail        |    67 |    42 |       |       ||   109
       Chain mail        |       |     9 |    27 |       ||    36
       Ring mail         |       |       |   147 |   204 ||   351
       Plate armour      |       |       |       |   177 ||   177
       Skin              |       |       |       |     5 ||     5
Dodge: Dodged            |    47 |    27 |    93 |   162 ||   329
Block: Shield            |    75 |    57 |   234 |   821 ||  1187

Table legend:
 A = Spawn XP
 B = Non-spawn XP
 C = Spawn XP percentage of total XP
 D = Spawn monster count
 E = Non-spawn monster count
 F = Spawn count percentage of total count
 G = Total turns spent on level
                    A         B        C        D         E        F      G
               +---------+---------+-------+---------+---------+-------+---------
         Total |       0 |   30315 |   0.0 |       0 |     374 |   0.0 |  9508
               +---------+---------+-------+---------+---------+-------+---------
           D:1 |       0 |      34 |   0.0 |       0 |      17 |   0.0 |   376
           D:2 |       0 |     100 |   0.0 |       0 |      34 |   0.0 |   590
           D:3 |       0 |     662 |   0.0 |       0 |      40 |   0.0 |   751
           D:4 |       0 |     508 |   0.0 |       0 |      34 |   0.0 |   840
           D:5 |       0 |     696 |   0.0 |       0 |      24 |   0.0 |   851
           D:6 |       0 |     470 |   0.0 |       0 |       9 |   0.0 |   717
           D:7 |       0 |    1170 |   0.0 |       0 |      24 |   0.0 |   725
           D:8 |       0 |    2585 |   0.0 |       0 |      32 |   0.0 |   734
           D:9 |       0 |    3030 |   0.0 |       0 |      28 |   0.0 |   764
          D:10 |       0 |    3522 |   0.0 |       0 |      34 |   0.0 |   614
          D:11 |       0 |    4623 |   0.0 |       0 |      47 |   0.0 |   907
           Lab |       0 |    1709 |   0.0 |       0 |       3 |   0.0 |   831
         IceCv |       0 |   11206 |   0.0 |       0 |      48 |   0.0 |   696
               +---------+---------+-------+---------+---------+-------+---------
